Workbook

Sheet PA 2022
B1: PLAN DE ACCIÓN - PLAN DE DESARROLLO MUNICIPAL INSTITUTO MUNICIPAL DE EMPLEO Y FOMENTO EMPRESARIAL DE BUCARAMANGA - IMEBU | AC1: Código: F-DPM-1210-238,37-030
AC2: Versión: 1.0
AC3: Fecha aprobación: Marzo-24-2021
AC4: Página: 1 de 1
A5: FECHA DE SUSCRIPCIÓN: | D5: 44595
A6: FECHA DE CORTE: | D6: 44591
B7: PDM 2020-2023 | G7: PROYECTOS DE INVERSIÓN | L7: CUMPLIMIENTO DE META | O7: RECURSOS PROGRAMADOS | V7: RECURSOS EJECUTADOS | AB7: EJECUCIÓN PPTAL | AC7: RECURSOS GESTIONADOS | AD7: RESPONSABLES
A8: No. | B8: Línea estratégica | C8: Componente | D8: Programa | E8: Meta PDM | F8: Indicador de producto | G8: Código BPIN | H8: Nombre del Proyecto | I8: Actividades | J8: Fecha inicio | K8: Fecha de terminación | L8: Meta programada | M8: Meta ejecutada | N8: AVANCE | O8: Rubro | P8: RECURSOS PROPIOS MUNICIPIO | Q8: SGP | R8: SGR | S8: RECURSOS PROPIOS INSTITUTOS | T8: OTROS | U8: TOTAL PROGRAMADO | V8: RECURSOS PROPIOS MUNICIPIO | W8: SGP | X8: SGR | Y8: RECURSOS PROPIOS INSTITUTOS | Z8: OTROS | AA8: TOTAL EJECUTADO | AD8: Dependencia | AE8: Responsable
A9: 180 | B9: BUCARAMANGA PRODUCTIVA Y COMPETITIVA: EMPRESAS INNOVADORAS, RESPONSABLES Y CONSCIENTES | C9: Emprendimiento, Innovación, Formalización Y Dinamización Empresarial | D9: Emprendimiento E Innovación | E9: Fortalecer a 5.000 empresas, emprendimientos y/o unidades productivas, a través de la implementación de un programa de incubación y aceleración de emprendimientos innovadores articulados con el ecosistema de emprendimiento, que caracterice las capacidades tecnológicas instaladas (duras y blandas) con enfoque diferencial. | F9: Número de empresas, emprendimientos y/o unidades productivas fortalecidas a través de la implementación de un programa de incubación y aceleración de emprendimientos innovadores articulados con el ecosistema de emprendimiento, que caracterice las capacidades tecnológicas instaladas (duras y blandas) con enfoque diferencial. | G9: 2020680010157 | H9: FORTALECIMIENTO DEL COWORKING COMO ESTRATEGIA PARA EL EMPRENDIMIENTO, INNOVACIÓN, DINAMIZACIÓN Y ACELERACIÓN EMPRESARIAL EN EL MUNICIPIO DE BUCARAMANGA | I9: Asesorar técnicamente a emprendedores y/o empresarios en etapa de aceleración en programas de formación empresarial. Realizar adecuaciones en espacio para prestación de servicios de consultoria a emprendedores y/o empresarios en etapa de aceleración y Coworking. | J9: 44566 | K9: 44926 | L9: 800 | M9: 9 | N9: =IF(M9/L9>100%,100%,M9/L9) -> 0.01125 | O9: 2.3.2.02.02.007 2.3.2.02.02.009 | P9: 430000000 | U9: =SUM(P9:T9) -> 430000000 | V9: =+Gastos_Ene!V69 -> 352170341 | AA9: =SUM(V9:Z9) -> 352170341 | AB9: =IFERROR(AA9/U9,"-") -> 0.81900079 | AC9: =+'Recursos Gestionados'!G2 -> 153470340 | AD9: IMEBU | AE9: Luis Gonzalo Gómez Guerrero
A10: 182 | B10: BUCARAMANGA PRODUCTIVA Y COMPETITIVA: EMPRESAS INNOVADORAS, RESPONSABLES Y CONSCIENTES | C10: Emprendimiento, Innovación, Formalización Y Dinamización Empresarial | D10: Centros De Desarrollo Empresarial | E10: Implementar 1 programa de desarrollo empresarial y de empleabilidad para las micro y pequeñas empresas (incluyendo unidades productivas). | F10: Número de programas de desarrollo empresariales y de empleabilidad implementados para las micro y pequeñas empresas (incluyendo unidades productivas). | G10: 2020680010074 | H10: FORTALECIMIENTO DEL CENTRO DE DESARROLLO EMPRESARIAL Y DE EMPLEABILIDAD EN EL MUNICIPIO DE BUCARAMANGA | I10: Asesorar a emprendedores y empresarios en programas de formación empresarial (Modelo de Negocios y diseño Planes de Mejora). Implementar Estrategia comunitaria para el emprendimiento y el desarrollo empresarial. Formulación de la estrategia de reactivación y sostenimiento de la economía. Brindar acompañamiento a los proyectos productivos de la población victima. | J10: 44566 | K10: 44926 | L10: 1 | M10: 1 | N10: =IF(M10/L10>100%,100%,M10/L10) -> 1 | O10: 2.3.2.02.02.006 2.3.2.02.02.007 2.3.2.02.02.009 | P10: 771203004 | U10: =SUM(P10:T10) -> 771203004 | V10: =+Calculos!E2 -> 707809454 | AA10: =SUM(V10:Z10) -> 707809454 | AB10: =IFERROR(AA10/U10,"-") -> 0.91779914 | AC10: =+'Recursos Gestionados'!G3+'Recursos Gestionados'!G4 -> 306281194 | AD10: IMEBU | AE10: Luis Gonzalo Gómez Guerrero
A11: 183 | B11: BUCARAMANGA PRODUCTIVA Y COMPETITIVA: EMPRESAS INNOVADORAS, RESPONSABLES Y CONSCIENTES | C11: Emprendimiento, Innovación, Formalización Y Dinamización Empresarial | D11: Centros De Desarrollo Empresarial | E11: Desarrollar el modelo CDE virtual para que amplíen la cobertura en la ciudad. | F11: Porcentaje de avance en el desarrollo del modelo CDE virtual para que amplíen la cobertura en la ciudad. | G11: 2020680010074 | H11: FORTALECIMIENTO DEL CENTRO DE DESARROLLO EMPRESARIAL Y DE EMPLEABILIDAD EN EL MUNICIPIO DE BUCARAMANGA | I11: Asesorar a emprendedores y empresarios en programas de formación empresarial (Modelo de Negocios y diseño Planes de Mejora). Implementar Estrategia comunitaria para el emprendimiento y el desarrollo empresarial. Formulación de la estrategia de reactivació | J11: 44566 | K11: 44926 | L11: 0.35 | M11: 0 | N11: =IF(M11/L11>100%,100%,M11/L11) -> 0 | O11: 2.3.2.02.02.006 2.3.2.02.02.007 2.3.2.02.02.009 | P11: =+Calculos!E7 -> 276000000 | U11: =SUM(P11:T11) -> 276000000 | V11: =+Calculos!E7 -> 276000000 | AA11: =SUM(V11:Z11) -> 276000000 | AB11: =IFERROR(AA11/U11,"-") -> 1 | AD11: IMEBU | AE11: Luis Gonzalo Gómez Guerrero
A12: 184 | B12: BUCARAMANGA PRODUCTIVA Y COMPETITIVA: EMPRESAS INNOVADORAS, RESPONSABLES Y CONSCIENTES | C12: Emprendimiento, Innovación, Formalización Y Dinamización Empresarial | D12: Centros De Desarrollo Empresarial | E12: Formar a 7.000 emprendedores a través de un programa de formación teórica, empresarial y/o artesanal con enfoque diferencial para emprendimientos artísticos, culturales, creativos, negocios verdes, microempresarios y/o unidades productivas urbanas y rurales. | F12: Número de emprendedores formados a través de un programa de formación teórica, empresarial y/o artesanal con enfoque diferencial para emprendimientos artísticos, culturales, creativos, negocios verdes, microempresarios y/o unidades productivas urbanas y rurales. | G12: 2020680010074 | H12: FORTALECIMIENTO DEL CENTRO DE DESARROLLO EMPRESARIAL Y DE EMPLEABILIDAD EN EL MUNICIPIO DE BUCARAMANGA | I12: Asesorar a emprendedores y empresarios en programas de formación empresarial (Modelo de Negocios y diseño Planes de Mejora). Implementar Estrategia comunitaria para el emprendimiento y el desarrollo empresarial. Formulación de la estrategia de reactivació | J12: 44566 | K12: 44926 | L12: 2000 | M12: 0 | N12: =IF(M12/L12>100%,100%,M12/L12) -> 0 | O12: 2.3.2.02.02.006 2.3.2.02.02.007 2.3.2.02.02.009 | P12: =(1550000000-P10-P11)/2 -> 251398498 | U12: =SUM(P12:T12) -> 251398498 | V12: =(Gastos_Ene!V68-V10-V11)/2 -> 53642912 | AA12: =SUM(V12:Z12) -> 53642912 | AB12: =IFERROR(AA12/U12,"-") -> 0.21337801 | AD12: IMEBU | AE12: Luis Gonzalo Gómez Guerrero
A13: 185 | B13: BUCARAMANGA PRODUCTIVA Y COMPETITIVA: EMPRESAS INNOVADORAS, RESPONSABLES Y CONSCIENTES | C13: Emprendimiento, Innovación, Formalización Y Dinamización Empresarial | D13: Centros De Desarrollo Empresarial | E13: Implementar en 4.000 mipymes planes estratégicos orientados a innovar y/o incorporación tecnológica en áreas empresariales estratégicas con apoyo de Universidades y actores económicos clave. | F13: Número de mipymes con planes estratégicos implementados orientados a innovar y/o incorporación tecnológica en áreas empresariales estratégicas con apoyo de Universidades y actores económicos clave. | G13: 2020680010074 | H13: FORTALECIMIENTO DEL CENTRO DE DESARROLLO EMPRESARIAL Y DE EMPLEABILIDAD EN EL MUNICIPIO DE BUCARAMANGA | I13: Identificar habilidades y destrezas de emprendedores, empresarios y ciudadanos para orientarlos hacia el emprendimiento o la empleabilidad. | J13: 44566 | K13: 44926 | L13: 800 | M13: 0 | N13: =IF(M13/L13>100%,100%,M13/L13) -> 0 | O13: 2.3.2.02.02.006 2.3.2.02.02.007 2.3.2.02.02.009 | P13: 251398498 | U13: =SUM(P13:T13) -> 251398498 | V13: 53642912 | AA13: =SUM(V13:Z13) -> 53642912 | AB13: =IFERROR(AA13/U13,"-") -> 0.21337801 | AD13: IMEBU | AE13: Luis Gonzalo Gómez Guerrero
A14: 186 | B14: BUCARAMANGA PRODUCTIVA Y COMPETITIVA: EMPRESAS INNOVADORAS, RESPONSABLES Y CONSCIENTES | C14: Emprendimiento, Innovación, Formalización Y Dinamización Empresarial | D14: Banca Ciudadana | E14: Intervenir a 4.000 empresas y/o emprendimientos mediante apalancamiento financiero orientado a realizar inversión en innovación y/o tecnología en la zona rural y urbana con enfoque diferencial. | F14: Número de empresas y/o emprendimientos intervenidos mediante apalancamiento financiero orientado a realizar inversión en innovación y/o tecnología en la zona rural y urbana con enfoque diferencial. | G14: 2020680010084 | H14: APOYO DEL FONDO DE FOMENTO Y CRÉDITO DE APOYO DEL IMEBU, PROGRAMA BANCA CIUDADANA EN EL MUNICIPIO DE BUCARAMANGA | I14: Otorgar créditos para el emprendimiento y/o fortalecimiento financiero de empresas orientados a capital de trabajo, nómina y/o activos fijos. Realizar acompañamiento técnico y visitas pos crédito a los emprendimientos y/o empresas apoyadas. | J14: 44566 | K14: 44926 | L14: 300 | M14: 57 | N14: =IF(M14/L14>100%,100%,M14/L14) -> 0.19 | O14: 2.3.2.02.02.009 | P14: 5000000 | S14: 5000004 | U14: =SUM(P14:T14) -> 10000004 | V14: =+Gastos_Ene!V70/2 -> 10000000 | AA14: =SUM(V14:Z14) -> 10000000 | AB14: =IFERROR(AA14/U14,"-") -> 0.9999996 | AD14: IMEBU | AE14: Luis Gonzalo Gómez Guerrero
A15: 187 | B15: BUCARAMANGA PRODUCTIVA Y COMPETITIVA: EMPRESAS INNOVADORAS, RESPONSABLES Y CONSCIENTES | C15: Emprendimiento, Innovación, Formalización Y Dinamización Empresarial | D15: Banca Ciudadana | E15: Otorgar 6.000 créditos a emprendimientos y mipymes de orientados a capital de trabajo o destinos de inversión diferente a innovación y/o tecnología en zonas urbanas y rurales. | F15: Número de créditos otorgados a emprendimientos y mipymes de orientados a capital de trabajo o destinos de inversión diferente a innovación y/o tecnología en zonas urbanas y rurales. | G15: 2020680010084 | H15: APOYO DEL FONDO DE FOMENTO Y CRÉDITO DE APOYO DEL IMEBU, PROGRAMA BANCA CIUDADANA EN EL MUNICIPIO DE BUCARAMANGA | I15: Otorgar créditos para el emprendimiento y/o fortalecimiento financiero de empresas orientadas a la innovación y/o incorporación de tecnología. | J15: 44566 | K15: 44926 | L15: 1200 | M15: 78 | N15: =IF(M15/L15>100%,100%,M15/L15) -> 0.065 | O15: 2.3.2.02.02.009 | P15: 5000000 | S15: 5000004 | U15: =SUM(P15:T15) -> 10000004 | V15: 10000000 | AA15: =SUM(V15:Z15) -> 10000000 | AB15: =IFERROR(AA15/U15,"-") -> 0.9999996 | AD15: IMEBU | AE15: Luis Gonzalo Gómez Guerrero
A16: 188 | B16: BUCARAMANGA PRODUCTIVA Y COMPETITIVA: EMPRESAS INNOVADORAS, RESPONSABLES Y CONSCIENTES | C16: Empleabilidad, Empleo Y Trabajo Decente | D16: Empleo Y Empleabilidad | E16: Registrar 5.000 hojas de vida para facilitar el proceso de inserción en el mercado laboral identificando habilidades, destrezas y que competencias para el trabajo. | F16: Número de hojas de vida registradas para facilitar el proceso de inserción en el mercado laboral identificando habilidades, destrezas y que competencias para el trabajo. | G16: 2020680010061 | H16: FORTALECIMIENTO DE LA OFICINA DE FOMENTO A LA EMPLEABILIDAD, EL EMPLEO Y EL TRABAJO DECENTE EN EL MUNICIPIO DE BUCARAMANGA | I16: Brindar formación en competencias personales y/o técnicas para el trabajo Realizar intermediación laboral entre oferentes de trabajo y buscadores de empleo. Ofrecer acompañamiento a las empresas en la estructuración y selección de perfiles adecuados a sus requerimientos. Formular la política pública de empleo y trabajo decente de la ciudad. | J16: 44566 | K16: 44926 | L16: 1300 | M16: 96 | N16: =IF(M16/L16>100%,100%,M16/L16) -> 0.073846154 | O16: 2.3.2.02.02.009 | P16: 107683334 | U16: =SUM(P16:T16) -> 107683334 | V16: =+Gastos_Ene!V71/3 -> 76951514 | AA16: =SUM(V16:Z16) -> 76951514 | AB16: =IFERROR(AA16/U16,"-") -> 0.71460932 | AD16: IMEBU | AE16: Luis Gonzalo Gómez Guerrero
A17: 189 | B17: BUCARAMANGA PRODUCTIVA Y COMPETITIVA: EMPRESAS INNOVADORAS, RESPONSABLES Y CONSCIENTES | C17: Empleabilidad, Empleo Y Trabajo Decente | D17: Empleo Y Empleabilidad | E17: Formar 3.000 jóvenes y adultos en competencias personales y/o técnicas para el trabajo con el fin de facilitar su inserción en el mercado laboral. | F17: Número de jóvenes y adultos formados en competencias personales y/o técnicas para el trabajo con el fin de facilitar su inserción en el mercado laboral. | G17: 2020680010061 | H17: FORTALECIMIENTO DE LA OFICINA DE FOMENTO A LA EMPLEABILIDAD, EL EMPLEO Y EL TRABAJO DECENTE EN EL MUNICIPIO DE BUCARAMANGA | I17: Brindar formación en competencias personales y/o técnicas para el trabajo Realizar intermediación laboral entre oferentes de trabajo y buscadores de empleo. Ofrecer acompañamiento a las empresas en la estructuración y selección de perfiles adecuados a sus requerimientos. Formular la política pública de empleo y trabajo decente de la ciudad. | J17: 44566 | K17: 44926 | L17: 800 | M17: 0 | N17: =IF(M17/L17>100%,100%,M17/L17) -> 0 | O17: 2.3.2.02.02.009 | P17: 107683333 | U17: =SUM(P17:T17) -> 107683333 | V17: 76951514 | AA17: =SUM(V17:Z17) -> 76951514 | AB17: =IFERROR(AA17/U17,"-") -> 0.71460933 | AD17: IMEBU | AE17: Luis Gonzalo Gómez Guerrero
A18: 190 | B18: BUCARAMANGA PRODUCTIVA Y COMPETITIVA: EMPRESAS INNOVADORAS, RESPONSABLES Y CONSCIENTES | C18: Empleabilidad, Empleo Y Trabajo Decente | D18: Empleo Y Empleabilidad | E18: Acompañar a 1.500 empresas en el fomento de una cultura del empleo y trabajo decente para capturar vacantes que permitan realizar la intermediación laboral. | F18: Número de empresas acompañadas en el fomento de una cultura del empleo y trabajo decente para capturar vacantes que permitan realizar la intermediación laboral. | G18: 2020680010061 | H18: FORTALECIMIENTO DE LA OFICINA DE FOMENTO A LA EMPLEABILIDAD, EL EMPLEO Y EL TRABAJO DECENTE EN EL MUNICIPIO DE BUCARAMANGA | I18: Brindar formación en competencias personales y/o técnicas para el trabajo Realizar intermediación laboral entre oferentes de trabajo y buscadores de empleo. Ofrecer acompañamiento a las empresas en la estructuración y selección de perfiles adecuados a sus requerimientos. Formular la política pública de empleo y trabajo decente de la ciudad. | J18: 44566 | K18: 44926 | L18: 390 | M18: 0 | N18: =IF(M18/L18>100%,100%,M18/L18) -> 0 | O18: 2.3.2.02.02.009 | P18: 107683333 | U18: =SUM(P18:T18) -> 107683333 | V18: 76951514 | AA18: =SUM(V18:Z18) -> 76951514 | AB18: =IFERROR(AA18/U18,"-") -> 0.71460933 | AD18: IMEBU | AE18: Luis Gonzalo Gómez Guerrero
A19: 302 | B19: BUCARAMANGA TERRITORIO LIBRE DE CORRUPCIÓN: INSTITUCIONES SÓLIDAS Y CONFIABLES | C19: Administración Pública Moderna E Innovadora | D19: Gobierno Fortalecido Para Ser Y Hacer | E19: Mantener en funcionamiento el 100% de los programas del Instituto Municipal del Empleo. | F19: Porcentaje de los programas de Instituto Municipal del Empleo mantenidos en funcionamiento. | G19: 2021680010176 | H19: FORTALECIMIENTO DE LOS PROCESOS DEL INSTITUTO MUNICIPAL DE EMPLEO Y FOMENTO EMPRESARIAL DEL MUNICIPIO DE BUCARAMANGA | I19: Apoyar los procesos administrativos, juridicos y de control interno del IMEBU. Realizar acompañamiento, seguimiento y control de los programas y proyectos misionales del IMEBU. | J19: 44566 | K19: 44926 | L19: 1 | M19: 1 | N19: =IF(M19/L19>100%,100%,M19/L19) -> 1 | O19: 2.3.2.02.02.009 | P19: 384087563 | U19: =SUM(P19:T19) -> 384087563 | V19: =+Gastos_Ene!V72 -> 383420000 | AA19: =SUM(V19:Z19) -> 383420000 | AB19: =IFERROR(AA19/U19,"-") -> 0.99826195 | AD19: IMEBU | AE19: Luis Gonzalo Gómez Guerrero
A20: =SUM(--(FREQUENCY(A9:A19,A9:A19)>0)) -> 11 | M20: TOTALES | N20: =IFERROR(AVERAGE(N9:N19),"-") -> 0.21273601 | P20: =SUM(P9:P19) -> 2697137563 | Q20: =SUM(Q9:Q19) -> 0 | R20: =SUM(R9:R19) -> 0 | S20: =SUM(S9:S19) -> 10000008 | T20: =SUM(T9:T19) -> 0 | U20: =SUM(U9:U19) -> 2707137571 | V20: =SUM(V9:V19) -> 2077540160 | W20: =SUM(W9:W19) -> 0 | ... AA20: =SUM(AA9:AA19) -> 2077540160 | AB20: =IFERROR(AA20/U20,"-") -> 0.76743058 | AC20: =SUM(AC9:AC19) -> 459751534

Sheet Calculos
B1: META | C1: DESCRIPCIÓN | E1: VALOR
A2: VALOR DE LA META | B2: =+'PA 2022'!E10 -> Implementar 1 programa de desarrollo empresarial y de empleabilidad para las micro y pequeñas empresas (incluyendo unidades productivas). | C2: Incluye valor convenio comfenalco y camara (dinero y especie) y arriendo | E2: =+SUM(E3:E4) -> 707809454
B3: Convenio CDE Camara de comercio | E3: =+'Recursos Gestionados'!E3+'Recursos Gestionados'!F3 -> 319051162
B4: Convenio CDE Comfenalco | E4: =+'Recursos Gestionados'!E4+'Recursos Gestionados'!F4 -> 388758292
B5: Arriendo Chapinero | E5: 63393550
A7: VALOR DE LA META | B7: =+'PA 2022'!F11 -> Porcentaje de avance en el desarrollo del modelo CDE virtual para que amplíen la cobertura en la ciudad. | C7: Incluye CPS Market place y CDE virtual | E7: =+SUM(E8:E17) -> 276000000
B8: Coordinador Market Place CDE | E8: 30000000
B9: Profesional de apoyo 1 Market Place CDE | E9: 24000000
B10: Profesional de apoyo 2 Market Place CDE | E10: 24000000
B11: Profesional de apoyo 3 Market Place CDE | E11: 24000000
B12: Profesional de apoyo 4 Market Place CDE | E12: 24000000
B13: Profesional de apoyo 1 CDE Virtual | E13: 30000000
B14: Profesional de apoyo 2 CDE Virtual | E14: 30000000
B15: Profesional de apoyo 3 CDE Virtual | E15: 30000000
B16: Profesional de apoyo 4 CDE Virtual | E16: 30000000
B17: Profesional líder CDE Virtual | E17: 30000000
E20: =+Gastos_Ene!V68 -> 1091095277
E21: =+E20-E2-E7 -> 107285823

Sheet Gastos_Ene
A1: INSTITUTO MUNICIPAL DE EMPLEO Y FOMENTO EMPRESARIAL - IMEBU
A2: NIT: 00804014968 - 1
A3: EJECUCION PRESUPUESTAL DE GASTOS
A4: Periodo comprendido entre 01-01-2022 y 31-01-2022
A5: Fecha de Impresión: 03.02.2022 Hora: 09:15:am | N5: PRESUPUESTO DEFINITIVO | Q5: CDP | V5: RP | AA5: PAGOS
A6: Impreso por: GUSTAVO - GUSTAVO RAMIREZ BONELLS
A7: Codigo de Control | B7: Rubro Presupuestal | C7: Unidad Ejecutora | D7: Descripción | E7: PROYECTO | F7: Fuente | G7: Presupuesto Inicial | H7: Adiciones | I7: Aplazamientos | J7: Desaplazamiento | K7: Reducciones | L7: Créditos | M7: Contracréditos | N7: Presupuesto Definitivo | O7: Cdps Mes Anterior | P7: Cdps Mes Actual | Q7: Total Ejecutado Segun Cdps | R7: Cdps Vigencia Futura | S7: Saldo por Ejecutar | T7: Compromisos Mes Anterior | U7: Total Compromisos mes Actual | V7: Total Compromisos | W7: Saldo por Comprometer | X7: Total Obligaciones | Y7: Pagos Mes Anterior | Z7: Total Pagos Periodo | AA7: Total Pagos | AB7: Saldo por Pagar
B8: 2 | C8: IMEB | D8: Gastos | G8: 5040000000 | H8: 0 | I8: 0 | J8: 0 | K8: 0 | L8: 0 | M8: 0 | N8: 5040000000 | O8: 0 | P8: 2717910045 | Q8: 2717910045 | R8: 0 | S8: 2322089955 | T8: 0 | U8: 2654516295 | V8: 2654516295 | W8: 2385483705 | X8: 84201057 | Y8: 0 | Z8: 61569657 | AA8: 61569657 | AB8: 2592946638
B9: 2.1 | C9: IMEB | D9: Funcionamiento | G9: 2332862428 | H9: 0 | I9: 0 | J9: 0 | K9: 0 | L9: 0 | M9: 0 | N9: 2332862428 | O9: 0 | P9: 576976135 | Q9: 576976135 | R9: 0 | S9: 1755886293 | T9: 0 | U9: 576976135 | V9: 576976135 | W9: 1755886293 | X9: 83431057 | Y9: 0 | Z9: 61569657 | AA9: 61569657 | AB9: 515406478
B10: 2.1.1 | C10: IMEB | D10: Gastos de personal | G10: 1388561517 | H10: 0 | I10: 0 | J10: 0 | K10: 0 | L10: 0 | M10: 0 | N10: 1388561517 | O10: 0 | P10: 80686357 | Q10: 80686357 | R10: 0 | S10: 1307875160 | T10: 0 | U10: 80686357 | V10: 80686357 | W10: 1307875160 | X10: 80686357 | Y10: 0 | Z10: 61569657 | AA10: 61569657 | AB10: 19116700
B11: 2.1.1.01 | C11: IMEB | D11: Planta de personal permanente | G11: 1388561517 | H11: 0 | I11: 0 | J11: 0 | K11: 0 | L11: 0 | M11: 0 | N11: 1388561517 | O11: 0 | P11: 80686357 | Q11: 80686357 | R11: 0 | S11: 1307875160 | T11: 0 | U11: 80686357 | V11: 80686357 | W11: 1307875160 | X11: 80686357 | Y11: 0 | Z11: 61569657 | AA11: 61569657 | AB11: 19116700
B12: 2.1.1.01.01 | C12: IMEB | D12: Factores constitutivos de salario | G12: 986057546 | H12: 0 | I12: 0 | J12: 0 | K12: 0 | L12: 0 | M12: 0 | N12: 986057546 | O12: 0 | P12: 61569657 | Q12: 61569657 | R12: 0 | S12: 924487889 | T12: 0 | U12: 61569657 | V12: 61569657 | W12: 924487889 | X12: 61569657 | Y12: 0 | Z12: 61569657 | AA12: 61569657 | AB12: 0
B13: 2.1.1.01.01.001 | C13: IMEB | D13: Factores salariales comunes | G13: 976294600 | H13: 0 | I13: 0 | J13: 0 | K13: 0 | L13: 0 | M13: 0 | N13: 976294600 | O13: 0 | P13: 61569657 | Q13: 61569657 | R13: 0 | S13: 914724943 | T13: 0 | U13: 61569657 | V13: 61569657 | W13: 914724943 | X13: 61569657 | Y13: 0 | Z13: 61569657 | AA13: 61569657 | AB13: 0
A14: 220001 | B14: 2.1.1.01.01.001.01 | C14: IMEB | D14: Sueldo básico | F14: 1.2.1.0.0 | G14: 775965124 | H14: 0 | I14: 0 | J14: 0 | K14: 0 | L14: 0 | M14: 0 | N14: 775965124 | O14: 0 | P14: 61569657 | Q14: 61569657 | R14: 0 | S14: 714395467 | T14: 0 | U14: 61569657 | V14: 61569657 | W14: 714395467 | X14: 61569657 | Y14: 0 | Z14: 61569657 | AA14: 61569657 | AB14: 0
A15: 220002 | B15: 2.1.1.01.01.001.06 | C15: IMEB | D15: Prima de servicios | F15: 1.2.1.0.0 | G15: 66549782 | H15: 0 | I15: 0 | J15: 0 | K15: 0 | L15: 0 | M15: 0 | N15: 66549782 | O15: 0 | P15: 0 | Q15: 0 | R15: 0 | S15: 66549782 | T15: 0 | U15: 0 | V15: 0 | W15: 66549782 | X15: 0 | Y15: 0 | Z15: 0 | AA15: 0 | AB15: 0
A16: 220003 | B16: 2.1.1.01.01.001.07 | C16: IMEB | D16: Bonificación por servicios prestados | F16: 1.2.1.0.0 | G16: 22632315 | H16: 0 | I16: 0 | J16: 0 | K16: 0 | L16: 0 | M16: 0 | N16: 22632315 | O16: 0 | P16: 0 | Q16: 0 | R16: 0 | S16: 22632315 | T16: 0 | U16: 0 | V16: 0 | W16: 22632315 | X16: 0 | Y16: 0 | Z16: 0 | AA16: 0 | AB16: 0
B17: 2.1.1.01.01.001.08 | C17: IMEB | D17: Prestaciones sociales | G17: 111147379 | H17: 0 | I17: 0 | J17: 0 | K17: 0 | L17: 0 | M17: 0 | N17: 111147379 | O17: 0 | P17: 0 | Q17: 0 | R17: 0 | S17: 111147379 | T17: 0 | U17: 0 | V17: 0 | W17: 111147379 | X17: 0 | Y17: 0 | Z17: 0 | AA17: 0 | AB17: 0
A18: 220004 | B18: 2.1.1.01.01.001.08.01 | C18: IMEB | D18: Prima de navidad | F18: 1.2.1.0.0 | G18: 75099581 | H18: 0 | I18: 0 | J18: 0 | K18: 0 | L18: 0 | M18: 0 | N18: 75099581 | O18: 0 | P18: 0 | Q18: 0 | R18: 0 | S18: 75099581 | T18: 0 | U18: 0 | V18: 0 | W18: 75099581 | X18: 0 | Y18: 0 | Z18: 0 | AA18: 0 | AB18: 0
A19: 220005 | B19: 2.1.1.01.01.001.08.02 | C19: IMEB | D19: Prima de vacaciones | F19: 1.2.1.0.0 | G19: 36047798 | H19: 0 | I19: 0 | J19: 0 | K19: 0 | L19: 0 | M19: 0 | N19: 36047798 | O19: 0 | P19: 0 | Q19: 0 | R19: 0 | S19: 36047798 | T19: 0 | U19: 0 | V19: 0 | W19: 36047798 | X19: 0 | Y19: 0 | Z19: 0 | AA19: 0 | AB19: 0
A20: 220006 | B20: 2.1.1.01.01.002 | C20: IMEB | D20: Factores salariales especiales | F20: 1.2.1.0.0 | G20: 9762946 | H20: 0 | I20: 0 | J20: 0 | K20: 0 | L20: 0 | M20: 0 | N20: 9762946 | O20: 0 | P20: 0 | Q20: 0 | R20: 0 | S20: 9762946 | T20: 0 | U20: 0 | V20: 0 | W20: 9762946 | X20: 0 | Y20: 0 | Z20: 0 | AA20: 0 | AB20: 0
B21: 2.1.1.01.02 | C21: IMEB | D21: Contribuciones inherentes a la nómina | G21: 335322951 | H21: 0 | I21: 0 | J21: 0 | K21: 0 | L21: 0 | M21: 0 | N21: 335322951 | O21: 0 | P21: 19116700 | Q21: 19116700 | R21: 0 | S21: 316206251 | T21: 0 | U21: 19116700 | V21: 19116700 | W21: 316206251 | X21: 19116700 | Y21: 0 | Z21: 0 | AA21: 0 | AB21: 19116700
A22: 220007 | B22: 2.1.1.01.02.001 | C22: IMEB | D22: Aportes a la seguridad social en pensiones | F22: 1.2.1.0.0 | G22: 95788061 | H22: 0 | I22: 0 | J22: 0 | K22: 0 | L22: 0 | M22: 0 | N22: 95788061 | O22: 0 | P22: 7516200 | Q22: 7516200 | R22: 0 | S22: 88271861 | T22: 0 | U22: 7516200 | V22: 7516200 | W22: 88271861 | X22: 7516200 | Y22: 0 | Z22: 0 | AA22: 0 | AB22: 7516200
A23: 220008 | B23: 2.1.1.01.02.002 | C23: IMEB | D23: Aportes a la seguridad social en salud | F23: 1.2.1.0.0 | G23: 67849877 | H23: 0 | I23: 0 | J23: 0 | K23: 0 | L23: 0 | M23: 0 | N23: 67849877 | O23: 0 | P23: 5323700 | Q23: 5323700 | R23: 0 | S23: 62526177 | T23: 0 | U23: 5323700 | V23: 5323700 | W23: 62526177 | X23: 5323700 | Y23: 0 | Z23: 0 | AA23: 0 | AB23: 5323700
A24: 220009 | B24: 2.1.1.01.02.003 | C24: IMEB | D24: Aportes de cesantías | F24: 1.2.1.0.0 | G24: 81357880 | H24: 0 | I24: 0 | J24: 0 | K24: 0 | L24: 0 | M24: 0 | N24: 81357880 | O24: 0 | P24: 0 | Q24: 0 | R24: 0 | S24: 81357880 | T24: 0 | U24: 0 | V24: 0 | W24: 81357880 | X24: 0 | Y24: 0 | Z24: 0 | AA24: 0 | AB24: 0
A25: 220010 | B25: 2.1.1.01.02.004 | C25: IMEB | D25: Aportes a cajas de compensación familiar | F25: 1.2.1.0.0 | G25: 38048157 | H25: 0 | I25: 0 | J25: 0 | K25: 0 | L25: 0 | M25: 0 | N25: 38048157 | O25: 0 | P25: 2660200 | Q25: 2660200 | R25: 0 | S25: 35387957 | T25: 0 | U25: 2660200 | V25: 2660200 | W25: 35387957 | X25: 2660200 | Y25: 0 | Z25: 0 | AA25: 0 | AB25: 2660200
A26: 220011 | B26: 2.1.1.01.02.005 | C26: IMEB | D26: Aportes generales al sistema de riesgos laborales | F26: 1.2.1.0.0 | G26: 4718781 | H26: 0 | I26: 0 | J26: 0 | K26: 0 | L26: 0 | M26: 0 | N26: 4718781 | O26: 0 | P26: 290500 | Q26: 290500 | R26: 0 | S26: 4428281 | T26: 0 | U26: 290500 | V26: 290500 | W26: 4428281 | X26: 290500 | Y26: 0 | Z26: 0 | AA26: 0 | AB26: 290500
A27: 220012 | B27: 2.1.1.01.02.006 | C27: IMEB | D27: Aportes al ICBF | F27: 1.2.1.0.0 | G27: 28536117 | H27: 0 | I27: 0 | J27: 0 | K27: 0 | L27: 0 | M27: 0 | N27: 28536117 | O27: 0 | P27: 1995600 | Q27: 1995600 | R27: 0 | S27: 26540517 | T27: 0 | U27: 1995600 | V27: 1995600 | W27: 26540517 | X27: 1995600 | Y27: 0 | Z27: 0 | AA27: 0 | AB27: 1995600
A28: 220013 | B28: 2.1.1.01.02.007 | C28: IMEB | D28: Aportes al SENA | F28: 1.2.1.0.0 | G28: 19024078 | H28: 0 | I28: 0 | J28: 0 | K28: 0 | L28: 0 | M28: 0 | N28: 19024078 | O28: 0 | P28: 1330500 | Q28: 1330500 | R28: 0 | S28: 17693578 | T28: 0 | U28: 1330500 | V28: 1330500 | W28: 17693578 | X28: 1330500 | Y28: 0 | Z28: 0 | AA28: 0 | AB28: 1330500
B29: 2.1.1.01.03 | C29: IMEB | D29: Remuneraciones no constitutivas de factor salarial | G29: 67181020 | H29: 0 | I29: 0 | J29: 0 | K29: 0 | L29: 0 | M29: 0 | N29: 67181020 | O29: 0 | P29: 0 | Q29: 0 | R29: 0 | S29: 67181020 | T29: 0 | U29: 0 | V29: 0 | W29: 67181020 | X29: 0 | Y29: 0 | Z29: 0 | AA29: 0 | AB29: 0
B30: 2.1.1.01.03.001 | C30: IMEB | D30: Prestaciones sociales | G30: 67181020 | H30: 0 | I30: 0 | J30: 0 | K30: 0 | L30: 0 | M30: 0 | N30: 67181020 | O30: 0 | P30: 0 | Q30: 0 | R30: 0 | S30: 67181020 | T30: 0 | U30: 0 | V30: 0 | W30: 67181020 | X30: 0 | Y30: 0 | Z30: 0 | AA30: 0 | AB30: 0
A31: 220014 | B31: 2.1.1.01.03.001.01 | C31: IMEB | D31: Vacaciones | F31: 1.2.1.0.0 | G31: 52870104 | H31: 0 | I31: 0 | J31: 0 | K31: 0 | L31: 0 | M31: 0 | N31: 52870104 | O31: 0 | P31: 0 | Q31: 0 | R31: 0 | S31: 52870104 | T31: 0 | U31: 0 | V31: 0 | W31: 52870104 | X31: 0 | Y31: 0 | Z31: 0 | AA31: 0 | AB31: 0
A32: 220015 | B32: 2.1.1.01.03.001.02 | C32: IMEB | D32: Indemnización por vacaciones | F32: 1.3.2.3.05 | G32: 10000000 | H32: 0 | I32: 0 | J32: 0 | K32: 0 | L32: 0 | M32: 0 | N32: 10000000 | O32: 0 | P32: 0 | Q32: 0 | R32: 0 | S32: 10000000 | T32: 0 | U32: 0 | V32: 0 | W32: 10000000 | X32: 0 | Y32: 0 | Z32: 0 | AA32: 0 | AB32: 0
A33: 220016 | B33: 2.1.1.01.03.001.03 | C33: IMEB | D33: Bonificacion especial de recreación | F33: 1.2.1.0.0 | G33: 4310916 | H33: 0 | I33: 0 | J33: 0 | K33: 0 | L33: 0 | M33: 0 | N33: 4310916 | O33: 0 | P33: 0 | Q33: 0 | R33: 0 | S33: 4310916 | T33: 0 | U33: 0 | V33: 0 | W33: 4310916 | X33: 0 | Y33: 0 | Z33: 0 | AA33: 0 | AB33: 0
B34: 2.1.2 | C34: IMEB | D34: Adquisición de bienes y servicios | G34: 788491311 | H34: 0 | I34: 0 | J34: 0 | K34: 0 | L34: 0 | M34: 0 | N34: 788491311 | O34: 0 | P34: 480289778 | Q34: 480289778 | R34: 0 | S34: 308201533 | T34: 0 | U34: 480289778 | V34: 480289778 | W34: 308201533 | X34: 916667 | Y34: 0 | Z34: 0 | AA34: 0 | AB34: 480289778
B35: 2.1.2.02 | C35: IMEB | D35: Adquisiciones diferentes de activos | G35: 788491311 | H35: 0 | I35: 0 | J35: 0 | K35: 0 | L35: 0 | M35: 0 | N35: 788491311 | O35: 0 | P35: 480289778 | Q35: 480289778 | R35: 0 | S35: 308201533 | T35: 0 | U35: 480289778 | V35: 480289778 | W35: 308201533 | X35: 916667 | Y35: 0 | Z35: 0 | AA35: 0 | AB35: 480289778
B36: 2.1.2.02.01 | C36: IMEB | D36: Materiales y suministros | G36: 82118061 | H36: 0 | I36: 0 | J36: 0 | K36: 0 | L36: 0 | M36: 0 | N36: 82118061 | O36: 0 | P36: 3300000 | Q36: 3300000 | R36: 0 | S36: 78818061 | T36: 0 | U36: 3300000 | V36: 3300000 | W36: 78818061 | X36: 275000 | Y36: 0 | Z36: 0 | AA36: 0 | AB36: 3300000
A37: 220017 | B37: 2.1.2.02.01.002 | C37: IMEB | D37: Productos alimenticios, bebidas y tabaco; textiles, prendas de vestir y productos de cuero | F37: 1.2.1.0.0 | G37: 13118061 | H37: 0 | I37: 0 | J37: 0 | K37: 0 | L37: 0 | M37: 0 | N37: 13118061 | O37: 0 | P37: 3300000 | Q37: 3300000 | R37: 0 | S37: 9818061 | T37: 0 | U37: 3300000 | V37: 3300000 | W37: 9818061 | X37: 275000 | Y37: 0 | Z37: 0 | AA37: 0 | AB37: 3300000
A38: 220018 | B38: 2.1.2.02.01.003 | C38: IMEB | D38: Otros bienes transportables (excepto productos metálicos, maquinaria y equipo) | F38: 1.2.1.0.0 | G38: 39000000 | H38: 0 | I38: 0 | J38: 0 | K38: 0 | L38: 0 | M38: 0 | N38: 39000000 | O38: 0 | P38: 0 | Q38: 0 | R38: 0 | S38: 39000000 | T38: 0 | U38: 0 | V38: 0 | W38: 39000000 | X38: 0 | Y38: 0 | Z38: 0 | AA38: 0 | AB38: 0
A39: 220019 | B39: 2.1.2.02.01.004 | C39: IMEB | D39: Productos metalicos y paquetes de software | F39: 1.2.1.0.0 | G39: 30000000 | H39: 0 | I39: 0 | J39: 0 | K39: 0 | L39: 0 | M39: 0 | N39: 30000000 | O39: 0 | P39: 0 | Q39: 0 | R39: 0 | S39: 30000000 | T39: 0 | U39: 0 | V39: 0 | W39: 30000000 | X39: 0 | Y39: 0 | Z39: 0 | AA39: 0 | AB39: 0
B40: 2.1.2.02.02 | C40: IMEB | D40: Adquisición de servicios | G40: 706373250 | H40: 0 | I40: 0 | J40: 0 | K40: 0 | L40: 0 | M40: 0 | N40: 706373250 | O40: 0 | P40: 476989778 | Q40: 476989778 | R40: 0 | S40: 229383472 | T40: 0 | U40: 476989778 | V40: 476989778 | W40: 229383472 | X40: 641667 | Y40: 0 | Z40: 0 | AA40: 0 | AB40: 476989778
A41: 220020 | B41: 2.1.2.02.02.006 | C41: IMEB | D41: Servicios de alojamiento; servicios de suministro de comidas y bebidas; servicios de transporte; y servicios de distribución de electricidad, gas y agua | F41: 1.2.1.0.0 | G41: 2476902 | H41: 0 | I41: 0 | J41: 0 | K41: 0 | L41: 0 | M41: 0 | N41: 2476902 | O41: 0 | P41: 2200000 | Q41: 2200000 | R41: 0 | S41: 276902 | T41: 0 | U41: 2200000 | V41: 2200000 | W41: 276902 | X41: 183333 | Y41: 0 | Z41: 0 | AA41: 0 | AB41: 2200000
A42: 220021 | B42: 2.1.2.02.02.007 | C42: IMEB | D42: Servicios financieros y servicios conexos, servicios inmobiliarios y servicios de leasing | F42: 1.2.1.0.0 | G42: 357179873 | H42: 0 | I42: 0 | J42: 0 | K42: 0 | L42: 0 | M42: 0 | N42: 357179873 | O42: 0 | P42: 295289778 | Q42: 295289778 | R42: 0 | S42: 61890095 | T42: 0 | U42: 295289778 | V42: 295289778 | W42: 61890095 | X42: 0 | Y42: 0 | Z42: 0 | AA42: 0 | AB42: 295289778
A43: 220022 | B43: 2.1.2.02.02.008 | C43: IMEB | D43: Servicios prestados a las empresas y servicios de producción | F43: 1.2.1.0.0 | G43: 74316475 | H43: 0 | I43: 0 | J43: 0 | K43: 0 | L43: 0 | M43: 0 | N43: 74316475 | O43: 0 | P43: 5500000 | Q43: 5500000 | R43: 0 | S43: 68816475 | T43: 0 | U43: 5500000 | V43: 5500000 | W43: 68816475 | X43: 458334 | Y43: 0 | Z43: 0 | AA43: 0 | AB43: 5500000
A44: 220023 | B44: 2.1.2.02.02.009 | C44: IMEB | D44: Servicios para la comunidad, sociales y personales | F44: 1.2.1.0.0 | G44: 272400000 | H44: 0 | I44: 0 | J44: 0 | K44: 0 | L44: 0 | M44: 0 | N44: 272400000 | O44: 0 | P44: 174000000 | Q44: 174000000 | R44: 0 | S44: 98400000 | T44: 0 | U44: 174000000 | V44: 174000000 | W44: 98400000 | X44: 0 | Y44: 0 | Z44: 0 | AA44: 0 | AB44: 174000000
B45: 2.1.3 | C45: IMEB | D45: Transferencias corrientes | G45: 139809600 | H45: 0 | I45: 0 | J45: 0 | K45: 0 | L45: 0 | M45: 0 | N45: 139809600 | O45: 0 | P45: 0 | Q45: 0 | R45: 0 | S45: 139809600 | T45: 0 | U45: 0 | V45: 0 | W45: 139809600 | X45: 0 | Y45: 0 | Z45: 0 | AA45: 0 | AB45: 0
B46: 2.1.3.13 | C46: IMEB | D46: Sentencias y Conciliaciones | G46: 139809600 | H46: 0 | I46: 0 | J46: 0 | K46: 0 | L46: 0 | M46: 0 | N46: 139809600 | O46: 0 | P46: 0 | Q46: 0 | R46: 0 | S46: 139809600 | T46: 0 | U46: 0 | V46: 0 | W46: 139809600 | X46: 0 | Y46: 0 | Z46: 0 | AA46: 0 | AB46: 0
B47: 2.1.3.13.01 | C47: IMEB | D47: Fallos nacionales | G47: 139809600 | H47: 0 | I47: 0 | J47: 0 | K47: 0 | L47: 0 | M47: 0 | N47: 139809600 | O47: 0 | P47: 0 | Q47: 0 | R47: 0 | S47: 139809600 | T47: 0 | U47: 0 | V47: 0 | W47: 139809600 | X47: 0 | Y47: 0 | Z47: 0 | AA47: 0 | AB47: 0
A48: 220024 | B48: 2.1.3.13.01.001 | C48: IMEB | D48: Sentencias | F48: 1.2.1.0.0 | G48: 119809609 | H48: 0 | I48: 0 | J48: 0 | K48: 0 | L48: 0 | M48: 0 | N48: 119809609 | O48: 0 | P48: 0 | Q48: 0 | R48: 0 | S48: 119809609 | T48: 0 | U48: 0 | V48: 0 | W48: 119809609 | X48: 0 | Y48: 0 | Z48: 0 | AA48: 0 | AB48: 0
A49: 220025 | B49: 2.1.3.13.01.001 | C49: IMEB | D49: Sentencias | F49: 1.3.2.3.05 | G49: 19999991 | H49: 0 | I49: 0 | J49: 0 | K49: 0 | L49: 0 | M49: 0 | N49: 19999991 | O49: 0 | P49: 0 | Q49: 0 | R49: 0 | S49: 19999991 | T49: 0 | U49: 0 | V49: 0 | W49: 19999991 | X49: 0 | Y49: 0 | Z49: 0 | AA49: 0 | AB49: 0
B50: 2.1.8 | C50: IMEB | D50: Gastos por tributos, multas, sanciones e intereses de mora | G50: 16000000 | H50: 0 | I50: 0 | J50: 0 | K50: 0 | L50: 0 | M50: 0 | N50: 16000000 | O50: 0 | P50: 16000000 | Q50: 16000000 | R50: 0 | S50: 0 | T50: 0 | U50: 16000000 | V50: 16000000 | W50: 0 | X50: 1828033 | Y50: 0 | Z50: 0 | AA50: 0 | AB50: 16000000
B51: 2.1.8.04 | C51: IMEB | D51: Contribuciones | G51: 16000000 | H51: 0 | I51: 0 | J51: 0 | K51: 0 | L51: 0 | M51: 0 | N51: 16000000 | O51: 0 | P51: 16000000 | Q51: 16000000 | R51: 0 | S51: 0 | T51: 0 | U51: 16000000 | V51: 16000000 | W51: 0 | X51: 1828033 | Y51: 0 | Z51: 0 | AA51: 0 | AB51: 16000000
A52: 220026 | B52: 2.1.8.04.01 | C52: IMEB | D52: Cuota de fiscalización y auditaje | F52: 1.2.1.0.0 | G52: 16000000 | H52: 0 | I52: 0 | J52: 0 | K52: 0 | L52: 0 | M52: 0 | N52: 16000000 | O52: 0 | P52: 16000000 | Q52: 16000000 | R52: 0 | S52: 0 | T52: 0 | U52: 16000000 | V52: 16000000 | W52: 0 | X52: 1828033 | Y52: 0 | Z52: 0 | AA52: 0 | AB52: 16000000
B53: 2.3 | C53: IMEB | D53: Inversión | G53: 2707137572 | H53: 0 | I53: 0 | J53: 0 | K53: 0 | L53: 0 | M53: 0 | N53: 2707137572 | O53: 0 | P53: 2140933910 | Q53: 2140933910 | R53: 0 | S53: 566203662 | T53: 0 | U53: 2077540160 | V53: 2077540160 | W53: 629597412 | X53: 770000 | Y53: 0 | Z53: 0 | AA53: 0 | AB53: 2077540160
B54: 2.3.2 | C54: IMEB | D54: Adquisicion de bienes y servicios | G54: 2707137572 | H54: 0 | I54: 0 | J54: 0 | K54: 0 | L54: 0 | M54: 0 | N54: 2707137572 | O54: 0 | P54: 2140933910 | Q54: 2140933910 | R54: 0 | S54: 566203662 | T54: 0 | U54: 2077540160 | V54: 2077540160 | W54: 629597412 | X54: 770000 | Y54: 0 | Z54: 0 | AA54: 0 | AB54: 2077540160
B55: 2.3.2.02.02 | C55: IMEB | D55: Adquisición de servicios | G55: 2707137572 | H55: 0 | I55: 0 | J55: 0 | K55: 0 | L55: 0 | M55: 0 | N55: 2707137572 | O55: 0 | P55: 2140933910 | Q55: 2140933910 | R55: 0 | S55: 566203662 | T55: 0 | U55: 2077540160 | V55: 2077540160 | W55: 629597412 | X55: 770000 | Y55: 0 | Z55: 0 | AA55: 0 | AB55: 2077540160
A56: 220027 | B56: 2.3.2.02.02.006 | C56: IMEB | D56: Servicios de alojamiento; servicios de suministro de comidas y bebidas; servicios de transporte; y servicios de distribución de electricidad, gas y agua-CDE | E56: CDE | F56: 1.2.1.0.0 | G56: 62800427 | H56: 0 | I56: 0 | J56: 0 | K56: 0 | L56: 0 | M56: 0 | N56: 62800427 | O56: 0 | P56: 0 | Q56: 0 | R56: 0 | S56: 62800427 | T56: 0 | U56: 0 | V56: 0 | W56: 62800427 | X56: 0 | Y56: 0 | Z56: 0 | AA56: 0 | AB56: 0
A57: 220028 | B57: 2.3.2.02.02.007 | C57: IMEB | D57: Servicios financieros y servicios conexos, servicios inmobiliarios y servicios de leasing-COWORKING | E57: COWORKING | F57: 1.2.1.0.0 | G57: 226483488 | H57: 0 | I57: 0 | J57: 0 | K57: 0 | L57: 0 | M57: 0 | N57: 226483488 | O57: 0 | P57: 153470341 | Q57: 153470341 | R57: 0 | S57: 73013147 | T57: 0 | U57: 153470341 | V57: 153470341 | W57: 73013147 | X57: 0 | Y57: 0 | Z57: 0 | AA57: 0 | AB57: 153470341
A58: 220029 | B58: 2.3.2.02.02.007 | C58: IMEB | D58: Servicios financieros y servicios conexos, servicios inmobiliarios y servicios de leasing-CDE | E58: CDE | F58: 1.2.1.0.0 | G58: 105125000 | H58: 0 | I58: 0 | J58: 0 | K58: 0 | L58: 0 | M58: 0 | N58: 105125000 | O58: 0 | P58: 63393750 | Q58: 63393750 | R58: 0 | S58: 41731250 | T58: 0 | U58: 0 | V58: 0 | W58: 105125000 | X58: 0 | Y58: 0 | Z58: 0 | AA58: 0 | AB58: 0
B59: 2.3.2.02.02.009 | C59: IMEB | D59: Servicios para la comunidad, sociales y personales | G59: 2312728657 | H59: 0 | I59: 0 | J59: 0 | K59: 0 | L59: 0 | M59: 0 | N59: 2312728657 | O59: 0 | P59: 1924069819 | Q59: 1924069819 | R59: 0 | S59: 388658838 | T59: 0 | U59: 1924069819 | V59: 1924069819 | W59: 388658838 | X59: 770000 | Y59: 0 | Z59: 0 | AA59: 0 | AB59: 1924069819
A60: 220030 | B60: 2.3.2.02.02.009.01 | C60: IMEB | D60: Servicios para la comunidad, sociales y personales-BANCA | E60: BANCA | F60: 1.3.2.3.05 | G60: 10000009 | H60: 0 | I60: 0 | J60: 0 | K60: 0 | L60: 0 | M60: 0 | N60: 10000009 | O60: 0 | P60: 0 | Q60: 0 | R60: 0 | S60: 10000009 | T60: 0 | U60: 0 | V60: 0 | W60: 10000009 | X60: 0 | Y60: 0 | Z60: 0 | AA60: 0 | AB60: 0
A61: 220031 | B61: 2.3.2.02.02.009.02 | C61: IMEB | D61: Servicios para la comunidad, sociales y personales-BANCA | E61: BANCA | F61: 1.2.1.0.0 | G61: 20916668 | H61: 0 | I61: 0 | J61: 0 | K61: 0 | L61: 0 | M61: 0 | N61: 20916668 | O61: 0 | P61: 20000000 | Q61: 20000000 | R61: 0 | S61: 916668 | T61: 0 | U61: 20000000 | V61: 20000000 | W61: 916668 | X61: 0 | Y61: 0 | Z61: 0 | AA61: 0 | AB61: 20000000
A62: 220032 | B62: 2.3.2.02.02.009.03 | C62: IMEB | D62: Servicios para la comunidad, sociales y personales- CDE | E62: CDE | F62: 1.2.1.0.0 | G62: 1382074573 | H62: 0 | I62: 0 | J62: 0 | K62: 0 | L62: 0 | M62: 0 | N62: 1382074573 | O62: 0 | P62: 1091095277 | Q62: 1091095277 | R62: 0 | S62: 290979296 | T62: 0 | U62: 1091095277 | V62: 1091095277 | W62: 290979296 | X62: 0 | Y62: 0 | Z62: 0 | AA62: 0 | AB62: 1091095277
A63: 220033 | B63: 2.3.2.02.02.009.04 | C63: IMEB | D63: Servicios para la comunidad, sociales y personales -EMPLEO | E63: EMPLEO | F63: 1.2.1.0.0 | G63: 312133332 | H63: 0 | I63: 0 | J63: 0 | K63: 0 | L63: 0 | M63: 0 | N63: 312133332 | O63: 0 | P63: 230854542 | Q63: 230854542 | R63: 0 | S63: 81278790 | T63: 0 | U63: 230854542 | V63: 230854542 | W63: 81278790 | X63: 0 | Y63: 0 | Z63: 0 | AA63: 0 | AB63: 230854542
A64: 220034 | B64: 2.3.2.02.02.009.05 | C64: IMEB | D64: Servicios para la comunidad, sociales y personales-COWORKING | E64: COWORKING | F64: 1.2.1.0.0 | G64: 203516512 | H64: 0 | I64: 0 | J64: 0 | K64: 0 | L64: 0 | M64: 0 | N64: 203516512 | O64: 0 | P64: 198700000 | Q64: 198700000 | R64: 0 | S64: 4816512 | T64: 0 | U64: 198700000 | V64: 198700000 | W64: 4816512 | X64: 0 | Y64: 0 | Z64: 0 | AA64: 0 | AB64: 198700000
A65: 220035 | B65: 2.3.2.02.02.009.06 | C65: IMEB | D65: Servicios para la comunidad, sociales y personales-FORTALECIMIENTO | E65: FORTALECIMIENTO | F65: 1.2.1.0.0 | G65: 384087563 | H65: 0 | I65: 0 | J65: 0 | K65: 0 | L65: 0 | M65: 0 | N65: 384087563 | O65: 0 | P65: 383420000 | Q65: 383420000 | R65: 0 | S65: 667563 | T65: 0 | U65: 383420000 | V65: 383420000 | W65: 667563 | X65: 770000 | Y65: 0 | Z65: 0 | AA65: 0 | AB65: 383420000
C68: PROYECTO | D68: CDE | N68: =+N56+N58+N62 -> 1550000000 | V68: =+V56+V58+V62 -> 1091095277
D69: COWORKING | N69: =+N57+N64 -> 430000000 | V69: =+V57+V64 -> 352170341
D70: BANCA | N70: =+N60+N61 -> 30916677 | V70: =+V60+V61 -> 20000000
D71: EMPLEO | N71: =+N63 -> 312133332 | V71: =+V63 -> 230854542
D72: FORTALECIMIENTO | N72: =+N65 -> 384087563 | V72: =+V65 -> 383420000

Sheet Recursos Gestionados
A1: Meta | B1: Proyecto | C1: Contrato | D1: Cooperante | E1: Aporte Dinero IMEBU | F1: Aporte Especie IMEBU | G1: Aporte Cooperante | H1: Total Convenio
A2: =+'PA 2022'!E9 -> Fortalecer a 5.000 empresas, emprendimientos y/o unidades productivas, a través de la implementación de un programa de incubación y aceleración de emprendimientos innovadores articulados con el ecosistema de emprendimiento, que caracterice las capacidades tecnológicas instaladas (duras y blandas) con enfoque diferencial. | B2: =+'PA 2022'!H9 -> FORTALECIMIENTO DEL COWORKING COMO ESTRATEGIA PARA EL EMPRENDIMIENTO, INNOVACIÓN, DINAMIZACIÓN Y ACELERACIÓN EMPRESARIAL EN EL MUNICIPIO DE BUCARAMANGA | C2: Convenio CCT 001 - 2022 | D2: Camara de comercio | E2: 448760119 | G2: 153470340 | H2: =+E2+G2 -> 602230459
A3: =+'PA 2022'!E10 -> Implementar 1 programa de desarrollo empresarial y de empleabilidad para las micro y pequeñas empresas (incluyendo unidades productivas). | B3: =+'PA 2022'!H10 -> FORTALECIMIENTO DEL CENTRO DE DESARROLLO EMPRESARIAL Y DE EMPLEABILIDAD EN EL MUNICIPIO DE BUCARAMANGA | C3: Convenio CA 001 - 2022 | D3: Camara de comercio | E3: 82331162 | F3: 236720000 | G3: 139668961 | H3: =+F3+E3+G3 -> 458720123
A4: =+'PA 2022'!E10 -> Implementar 1 programa de desarrollo empresarial y de empleabilidad para las micro y pequeñas empresas (incluyendo unidades productivas). | B4: =+'PA 2022'!H10 -> FORTALECIMIENTO DEL CENTRO DE DESARROLLO EMPRESARIAL Y DE EMPLEABILIDAD EN EL MUNICIPIO DE BUCARAMANGA | C4: Convenio CA 002 - 2022 | D4: Comfenalco | E4: 318284115 | F4: 70474177 | G4: 166612233 | H4: =+F4+E4+G4 -> 555370525
E5: =+SUM(E2:E4) -> 849375396 | F5: =+SUM(F2:F4) -> 307194177 | G5: =+SUM(G2:G4) -> 459751534 | H5: =+SUM(H2:H4) -> 1616321107
